 Dungeon Crawl Stone Soup version 0.27-a0-1189-gb8eb6cee8e (webtiles) character file.

Game seed: 9050720700124726866

925 bilbop the Skirmisher (level 7, -6/63 HPs)
             Began as a Minotaur Fighter on May 23, 2021.
             Was a Believer of Yredelemnul.
             Mangled by an ogre
             ... wielding a +0 giant club
              (21 damage)
             ... on level 5 of the Dungeon.
             The game lasted 00:22:20 (5590 turns).

bilbop the Skirmisher (Minotaur Fighter)            Turns: 5590, Time: 00:22:20

Health: -6/63      AC:  8    Str: 20    XL:     7   Next: 84%
Magic:  9/9        EV:  8    Int:  7    God:    Yredelemnul [**....]
Gold:   166        SH: 10    Dex: 10    Spells: 10/10 levels left

rFire    . . .     SeeInvis .   y - +0 mace
rCold    . . .     Faith    .   c - +0 kite shield
rNeg     . . .     Spirit   .   b - +0 scale mail
rPois    .         Reflect  .   (helmet restricted)
rElec    .         Harm     .   e - +0 cloak
rCorr    .         Rampage  .   (no gloves)
Will     .....                  (no boots)
Stlth    ..........             (no amulet)
HPRegen  0.20/turn              (no ring)
MPRegen  0.11/turn              (no ring)

@: no status effects
A: horns 2, retaliatory headbutt
a: Renounce Religion, Animate Remains, Recall Undead Slaves, Injury Mirror


You were on level 5 of the Dungeon.
You worshipped Yredelemnul.
Yredelemnul was pleased with you.
You visited 2 branches of the dungeon, and saw 6 of its levels.

You collected 166 gold pieces.

Inventory:

Hand Weapons
 a - a +0 flail
 y - a +0 mace (weapon)
Missiles
 r - 68 bolts
Armour
 b - a +0 scale mail (worn)
 c - a +0 kite shield (worn)
 e - a +0 cloak (worn)
Wands
 A - a wand of digging (10)
 C - a wand of polymorph (9)
Scrolls
 f - 4 scrolls of fear {unknown}
 h - 6 scrolls of amnesia {unknown}
 j - 2 scrolls of fog {unknown}
 n - a scroll of brand weapon {unknown}
 o - 3 scrolls of identify {unknown}
 s - a scroll of acquirement {unknown}
 t - a scroll of enchant armour {unknown}
 u - a scroll of enchant weapon {unknown}
 v - a scroll of noise {unknown}
 z - 2 scrolls of teleportation {unknown}
Potions
 d - a potion of might
 g - a potion of attraction {unknown}
 i - 2 potions of haste {unknown}
 k - a potion of flight {unknown}
 l - a potion of curing {unknown}
 m - a potion of invisibility {unknown}
 p - a potion of degeneration {unknown}
 q - a potion of berserk rage {unknown}
 w - a potion of resistance {unknown}
 x - 4 potions of mutation {unknown}
 B - a potion of ambrosia {unknown}
 D - a potion of heal wounds {unknown}


   Skills:
 + Level 6.0 Fighting
 + Level 5.3 Maces & Flails
 + Level 6.0 Armour
 + Level 6.0 Shields
 + Level 2.4 Spellcasting


You had 10 spell levels left.
You didn't know any spells.
Your spell library contained the following spells:

 Spells                   Type           Power      Damage    Failure   Level
 Beastly Appendage        Tmut           0%         N/A       97%         1
 Wereblood                Tmut           0%         N/A       99%         2
 Spider Form              Tmut/Pois      0%         N/A       100%        3
 Ice Form                 Ice/Tmut       0%         N/A       100%        4
 Hydra Form               Tmut           0%         N/A       100%        5


Dungeon Overview and Level Annotations

Branches:
Dungeon (5/15)             Temple (1/1) D:4

Altars:
Dithmenos
Elyvilon
Hepliaklqana
Kikubaaqudgha
Makhleb
Nemelex Xobeh
Okawaru
Qazlal
Ru
Wu Jian
Xom
Yredelemnul
The Shining One

Shops:
D:2 :[

Annotations:
D:4 1 runed translucent door, Crazy Yiuf


Innate Abilities, Weirdness & Mutations

You have a pair of horns on your head.
You reflexively headbutt those who attack you in melee.


Message History

You hit the centaur zombie.
The centaur zombie is moderately damaged.
A wyvern comes into view.
You block the centaur zombie's attack. The centaur zombie closely misses you.
The centaur zombie barely misses you.
The centaur zombie kicks you but does no damage.
An ogre comes into view. It is wielding a +0 giant club.
You sock the centaur zombie!
The centaur zombie is severely damaged.
You block the centaur zombie's attack.
The centaur zombie kicks you but does no damage.
The centaur zombie hits you. The centaur zombie kicks you.
You hit the centaur zombie but do no damage.
The centaur zombie is severely damaged.
The centaur zombie hits you but does no damage.
You block the centaur zombie's attack.
The centaur zombie hits you but does no damage.
The centaur zombie kicks you but does no damage.
You hit the centaur zombie.
The centaur zombie is severely damaged.
The wyvern bites your hound zombie!!
Your hound zombie is destroyed!
You block the centaur zombie's attack. The centaur zombie barely misses you.
You sock the centaur zombie!
You destroy the centaur zombie!
Yredelemnul accepts your kill. The wyvern bites you. x2
You hit the wyvern. Your headbutt misses the wyvern.
The wyvern is lightly wounded.
The wyvern bites you.
The wyvern bites you but does no damage.
You hit the ogre but do no damage. You block the wyvern's attack.
The ogre hits you with a +0 giant club! You block the wyvern's attack.
You barely miss the ogre. The wyvern bites you! You block the ogre's attack.
You block the wyvern's attack.
You barely miss the ogre. The wyvern bites you!
* * * LOW HITPOINT WARNING * * *
The ogre hits you with a +0 giant club!!
You die...
Your body rises from the dead as a mindless zombie.

##.. #.##
#...# ##..#
##.# ####
#...# ##..#
#...###..##
#......##
#...####
##..##
#..l##
#.##@# ..#
##O# #...
#.# #). #..
#.. ... ..
.... ##.


You could see a wyvern and an ogre.

Vanquished Creatures
  A water moccasin (D:5)
  An ogre (D:4)
  A kobold brigand (D:4)
  A howler monkey (D:5)
  2 centaur zombies
  3 hounds
  A gnoll shaman (D:4)
  A bullfrog skeleton (D:3)
  An iguana (D:4)
  A howler monkey zombie (D:4)
  12 gnolls (D:4)
  6 adders
  A shadow imp (D:3)
  An adder skeleton (D:4)
  4 worms
  2 dart slugs (D:4)
  24 orcs
  4 endoplasms
  5 giant cockroaches
  3 goblins
  6 hobgoblins
  19 jackals (D:4)
  7 kobolds
  3 quokkas
  5 ball pythons
  A bat (D:2)
  3 frilled lizards
  6 rats
125 creatures vanquished.

Vanquished Creatures (collateral kills)
  A scorpion (D:4)
  2 gnolls (D:4)
3 creatures vanquished.

Vanquished Creatures (others)
  An orc (D:4)
  A gnoll skeleton (D:4)
  A gnoll zombie (D:4)
  A hound zombie (D:5)
  An orc skeleton (D:4)
  2 orc zombies (D:4)
  3 plants
10 creatures vanquished.

Grand Total: 138 creatures vanquished

Notes
Turn   | Place    | Note
-------+----------+-------------------------------------------
     0 | D:1      | bilbop the Minotaur Fighter began the quest for the Orb.
     0 | D:1      | Reached XP level 1. HP: 19/19 MP: 0/0
   435 | D:1      | Reached XP level 2. HP: 21/27 MP: 1/1
   903 | D:1      | Found a faded altar of an unknown god.
  1257 | D:2      | Reached XP level 3. HP: 28/33 MP: 2/2
  1431 | D:2      | Found Nuwnaz's Book Shop.
  1530 | D:2      | Found Beorgh's Antique Armour Emporium.
  1602 | D:2      | Reached XP level 4. HP: 40/40 MP: 4/4
  2034 | D:3      | Reached skill level 1 in Spellcasting
  2328 | D:3      | Found a white marble altar of Elyvilon.
  2397 | D:3      | Reached XP level 5. HP: 47/47 MP: 5/5
  2918 | D:4      | Found a shadowy altar of Dithmenos.
  2950 | D:4      | Noticed an ogre
  3243 | D:4      | Killed an ogre
  3244 | D:4      | Reached skill level 5 in Armour
  3244 | D:4      | Reached XP level 6. HP: 55/55 MP: 7/7
  3354 | D:4      | Found a staircase to the Ecumenical Temple.
  3366 | Temple   | Entered the Ecumenical Temple
  3523 | Temple   | Became a worshipper of Yredelemnul the Dark
  3733 | D:4      | Found a runed translucent door.
  3734 | D:4      | Noticed Crazy Yiuf
  3814 | D:4      | Found a hazy altar of Hepliaklqana.
  3814 | D:4      | Found an ornate altar of the Wu Jian Council.
  4050 | D:4      | Reached skill level 5 in Fighting
  4050 | D:4      | Reached skill level 5 in Shields
  4630 | D:4      | Reached XP level 7. HP: 54/61 MP: 7/9
  4731 | D:4      | Reached * piety under Yredelemnul
  5316 | D:5      | Entered Level 5 of the Dungeon
  5468 | D:4      | Reached skill level 5 in Maces & Flails
  5498 | D:5      | Reached ** piety under Yredelemnul
  5582 | D:5      | Noticed a wyvern
  5590 | D:5      | Mangled by an ogre

Illustrated notes

Levels and vault maps discovered:
D:1:      amcnicky_arrival_single_pillar, layout_loops_corners,
          chequers_ecumenical_altar_island, palyth_stone_intersect,
          amcnicky_mini_corridor_feature
D:2:      layout_loops_ring, serial_shops, shop, shop
D:3:      layout_basic, nicolae_elyvilon_temple_path
D:4:      lemuel_castle_with_subvaults [lemuel_castle_interior_carwin_2],
          layout_basic, gammafunk_temple_overflow_wave, grunt_dithmenos_smoke,
          temple_green, chequers_avenue, serial_park_tiny_pond,
          kennysheep_generic_room_9, uniq_crazy_yiuf_cottage
D:5:      layout_layer_cave, amcnicky_altar_gilded, uniq_menkaure
Temple:   nicolae_temple_figure_zero

Skill      XL: |  1  2  3  4  5  6  7 |
---------------+----------------------+-----
Shields        | 4 5 6 |  6.0
Armour         | 4 5 6 |  6.0
Fighting       | 4 5 6 |  6.0
Maces & Flails | 3 4 5 |  5.3
Spellcasting   | 1 2 |  2.4

Action                   |  1- 3 |  4- 6 |  7- 9 || total
-------------------------+-------+-------+-------++-------
Melee: Flail             |    72 |    48 |       ||   120
       Headbutt          |    17 |    23 |    28 ||    68
       Mace              |       |   115 |   114 ||   229
Invok: Animate Remains   |       |       |     9 ||     9
Armor: Scale mail        |    28 |   110 |    73 ||   211
Dodge: Dodged            |    22 |    77 |    39 ||   138
Block: Kite shield       |    29 |   127 |    75 ||   231

Table legend: (Time is in decaauts)
 A = Elapsed time spent in this place.
 B = Non-inter-level travel time spent in this place.
 C = Inter-level travel time spent in this place.
 D = Time resting spent in this place.
 E = Time spent auto-exploring this place.
 F = Levels seen in this place.
 G = Mean time per level.
                   A        B        C        D        E       F      G
               +--------+--------+--------+--------+--------+-----+--------+
         Total |   5739 |   5521 |    218 |    897 |   3494 |   6 |  956.5 |
       Dungeon |   5572 |   5396 |    176 |    897 |   3381 |   5 | 1114.4 |
        Temple |    166 |    124 |     42 |      0 |    113 |   1 |  166.0 |
               +--------+--------+--------+--------+--------+-----+--------+

Top non-repeatable levels by time:
     D:4: 2416 daAuts
     D:1: 1075 daAuts
     D:3: 1049 daAuts
     D:2: 914 daAuts
  Temple: 166 daAuts
     D:5: 116 daAuts
